 Dungeon Crawl Stone Soup version 0.30-b1-2-g02819fbbbe (webtiles) character file.

Game seed: 11908019428219579972

16219 LLlMATKO the Fighter (level 12, -3/169 HPs)
             Began as a Minotaur Berserker on May 28, 2023.
             Was an Elder of Trog.
             Slain by a centaur warrior simulacrum (28 damage)
             ... on level 13 of the Dungeon.
             The game lasted 00:10:09 (11690 turns).

LLlMATKO the Fighter (Minotaur Berserker)          Turns: 11690, Time: 00:10:10

Health: -3/169     AC: 18    Str: 25    XL:     12   Next: 8%
Magic:  11/11      EV: 11    Int:  4    God:    Trog [****..]
Gold:   825        SH:  0    Dex: 12    Spells: 11/11 levels left

rFire   . . .        m - +3 battleaxe (freeze)
rCold   . . .        (shield currently unavailable)
rNeg    . . .        Q - +0 plate armour
rPois   +            (helmet restricted)
rElec   .            O - +0 cloak
rCorr   .            I - +0 pair of gloves
SInv    .            (no boots)
Will    +....        (no amulet) Stlth
                     w - ring of willpower
HPRegen 0.48/turn    L - ring of poison resistance
MPRegen 0.12/turn

%: no passive effects
@: berserking, very quick
A: horns 2, retaliatory headbutt
a: Renounce Religion, Berserk, Trog's Hand, Brothers in Arms


You were on level 13 of the Dungeon.
You worshipped Trog.
Trog was greatly pleased with you.
You visited 1 branch of the dungeon, and saw 13 of its levels.

You collected 825 gold pieces.

Inventory:

Hand Weapons
 m - a +3 battleaxe of freezing (weapon)
 A - a +0 war axe
 B - a +1 whip of freezing
Missiles
 o - 10 poisoned darts
 p - 11 curare-tipped darts
 r - 8 boomerangs (quivered)
 v - 16 javelins
 G - 2 throwing nets
Armour
 I - a +0 pair of gloves (worn)
 O - a +0 cloak (worn)
 Q - a +0 plate armour (worn)
Jewellery
 w - a ring of willpower (left hand)
 L - a ring of poison resistance (right hand)
Wands
 a - a wand of iceblast (22)
 E - a wand of quicksilver (9)
 F - a wand of polymorph (9)
 H - a wand of flame (15)
 M - a wand of digging (1)
 N - a wand of charming (10)
Scrolls
 b - 4 scrolls of enchant weapon {unknown}
 c - a scroll of immolation {unknown}
 h - 4 scrolls of fear {unknown}
 i - 5 scrolls of vulnerability {unknown}
 k - 4 scrolls of blinking {unknown}
 n - 4 scrolls of teleportation {unknown}
 s - 3 scrolls of amnesia {unknown}
 u - 3 scrolls of poison {unknown}
 y - 3 scrolls of fog {unknown}
 z - a scroll of brand weapon {unknown}
 C - 8 scrolls of identify {unknown}
 D - a scroll of butterflies {unknown}
 J - a scroll of magic mapping {unknown}
 K - 2 scrolls of noise {unknown}
 S - a scroll of enchant armour {unknown}
 T - a scroll of acquirement {unknown}
Potions
 d - 6 potions of attraction {unknown}
 e - 4 potions of degeneration {unknown}
 f - 4 potions of heal wounds {unknown}
 g - 14 potions of curing {unknown}
 j - 4 potions of lignification {unknown}
 l - 2 potions of haste {unknown}
 q - 4 potions of brilliance {unknown}
 t - 3 potions of might {unknown}
 x - 2 potions of flight {unknown}
 P - a potion of invisibility {unknown}
 R - a potion of cancellation {unknown}


   Skills:
 + Level 12.4 Fighting
 + Level 12.4 Axes
 + Level 12.1 Armour
 + Level 11.2 Dodging


You had 11 spell levels left.
You didn't know any spells.
Your spell library was empty.

Dungeon Overview and Level Annotations

Branches:
Dungeon (13/15)            Temple (0/1) D:7            Lair (0/5) D:9
    Orc (0/2) D:10
 Vaults: D:13-14

Altars:
Ashenzari
Gozag
Hepliaklqana
Makhleb
Nemelex Xobeh
Yredelemnul
The Shining One

Shops:
D:5 (   D:6 *


Innate Abilities, Weirdness & Mutations

You have a pair of horns on your head.
You reflexively headbutt those who attack you in melee.


Message History

The centaur warrior simulacrum hits you but does no damage.
The centaur warrior simulacrum kicks you but does no damage.
Something hits you.
You hit the centaur warrior simulacrum.
The centaur warrior simulacrum is severely damaged.
You closely miss something. You closely miss the hornet simulacrum.
Something hits you but does no damage. x2
The hornet simulacrum hits you but does no damage.
The centaur warrior simulacrum hits you but does no damage.
The centaur warrior simulacrum barely misses you.
The hornet simulacrum hits you! The hornet simulacrum freezes you.
The centaur warrior simulacrum hits you but does no damage.
The centaur warrior simulacrum kicks you.
The centaur warrior simulacrum freezes you!!
* * * LOW HITPOINT WARNING * * *
You are too injured to fight recklessly!
Unknown command.
You are too injured to fight recklessly!
You are too injured to fight recklessly!
A red film seems to cover your vision as you go berserk!
You feel yourself moving faster!
You feel mighty! Trog will no longer gift you weapons.
Something hits you but does no damage.
The hornet simulacrum barely misses you.
You furiously retaliate!
You headbutt the hornet simulacrum!
The centaur warrior simulacrum hits you but does no damage.
The centaur warrior simulacrum barely misses you.
You hit the centaur warrior simulacrum.
You headbutt the centaur warrior simulacrum.
The centaur warrior simulacrum is almost destroyed.
You barely miss the hornet simulacrum. Something hits you but does no damage.
The hornet simulacrum hits you.
* * * LOW HITPOINT WARNING * * *
The hornet simulacrum freezes you!
* * * LOW HITPOINT WARNING * * *
The centaur warrior simulacrum hits you but does no damage.
The centaur warrior simulacrum kicks you.
* * * LOW HITPOINT WARNING * * *
The centaur warrior simulacrum freezes you!!
You die...

. .
.#####.#
......#
###...#.#
.......
#...#
##<.#
#Z.#...#
#.@# ...#
#.Z.# ..#
#...# .#
#....# #
#......
#.#....
#.##..# .
...#


You could see a hornet simulacrum and a centaur warrior simulacrum.

Vanquished Creatures
  3 two-headed ogres
  2 boulder beetles (D:12)
  A deep elf pyromancer (D:11)
  Pikel (D:4)
  A manticore (D:12)
  2 gargoyles
  An unseen horror (D:10)
  5 unseen horror zombies (D:9)
  Maggie (D:8)
  A kobold demonologist (D:9)
  2 trolls
  Grinder (D:4)
  2 centaur simulacra (D:13)
  A shadow (D:12)
  2 wyverns
  A wraith (D:12)
  23 yaks
  4 vampire mosquitoes (D:11)
  2 steam dragons
  3 wargs (D:9)
  Menkaure (D:5)
  2 acid dragons
  Duvessa (D:5)
  3 black bears
  2 ogres (D:5)
  An orc warrior (D:10)
  2 ice beasts
  3 sky beasts
  A wolf (D:13)
  5 centaurs
  A phantom (D:7)
  A kobold brigand (D:10)
  2 bullfrogs
  A gnoll sergeant (D:9)
  A scorpion (D:4)
  3 wights (D:10)
  Dowan (D:5)
  An electric eel (D:8)
  3 howler monkeys (D:8)
  2 hounds
  5 orc priests
  2 iguanas
  Terence (D:2)
  5 orc wizards
  A killer bee zombie (D:9)
  A boggart simulacrum (D:13)
  4 howler monkey zombies (D:9)
  14 gnolls
  3 adders
  2 white imps
  An ufetubus (D:5)
  A dart slug (D:4)
  A worm (D:3)
  36 orcs
  7 ball pythons
  5 bats
  6 endoplasms
  6 giant cockroaches
  9 hobgoblins
  2 jackals (D:3)
  4 quokkas
  2 frilled lizards
  6 goblins
  9 kobolds
  5 rats
234 creatures vanquished.

Notes
Turn   | Place    | Note
-------+----------+-------------------------------------------
     0 | D:1      | LLlMATKO the Minotaur Berserker began the quest for the
                  | Orb.
     0 | D:1      | Reached XP level 1. HP: 19/19 MP: 0/0
   134 | D:1      | Reached XP level 2. HP: 27/27 MP: 1/1
  1024 | D:2      | Reached XP level 3. HP: 32/33 MP: 2/2
  1087 | D:2      | Noticed Terence
  1096 | D:2      | Reached ** piety under Trog
  1096 | D:2      | Killed Terence
  1235 | D:2      | Reached XP level 4. HP: 38/41 MP: 3/3
  1538 | D:3      | Found a faded altar of an unknown god.
  2213 | D:4      | Reached XP level 5. HP: 44/47 MP: 4/4
  2245 | D:4      | Noticed Grinder
  2261 | D:4      | Found a glowing golden altar of the Shining One.
  2360 | D:4      | Reached skill level 5 in Fighting
  2360 | D:4      | Reached skill level 5 in Axes
  2367 | D:4      | Killed Grinder
  2368 | D:4      | Reached XP level 6. HP: 36/56 MP: 5/5
  2539 | D:4      | Reached *** piety under Trog
  2701 | D:4      | Noticed Pikel
  2702 | D:4      | Found a broken altar of Ashenzari.
  2711 | D:4      | Killed Pikel
  2712 | D:4      | Reached skill level 5 in Armour
  2712 | D:4      | Reached skill level 5 in Dodging
  2712 | D:4      | Reached XP level 7. HP: 64/64 MP: 6/6
  2775 | D:4      | Found a burning altar of Makhleb.
  2992 | D:4      | Found a hazy altar of Hepliaklqana.
  2997 | D:4      | Found an opulent altar of Gozag.
  3143 | D:5      | Entered Level 5 of the Dungeon
  3310 | D:5      | Reached XP level 8. HP: 31/71 MP: 7/7
  3464 | D:5      | Noticed Dowan
  3466 | D:5      | Noticed Duvessa
  3472 | D:5      | Killed Dowan
  3481 | D:5      | Killed Duvessa
  3615 | D:5      | Found Oteghid's Weapon Emporium.
  3883 | D:5      | Noticed Menkaure
  3892 | D:5      | Killed Menkaure
  4432 | D:6      | Found Optyucig's Lightly-Used Armoury.
  4758 | D:7      | Found a staircase to the Ecumenical Temple.
  5028 | D:7      | Reached XP level 9. HP: 47/81 MP: 8/8
  6713 | D:8      | Noticed Maggie
  6724 | D:8      | Killed Maggie
  7193 | D:8      | Reached XP level 10. HP: 86/91 MP: 9/9
  7412 | D:9      | Found a staircase to the Lair.
  7639 | D:9      | Reached skill level 10 in Fighting
  7643 | D:9      | Reached skill level 10 in Axes
  7689 | D:9      | Reached **** piety under Trog
  7691 | D:9      | Found a basalt altar of Yredelemnul.
  7715 | D:9      | Reached skill level 10 in Armour
  7890 | D:9      | Noticed a two-headed ogre
  7900 | D:9      | Killed a two-headed ogre
  8068 | D:9      | Found a sparkling altar of Nemelex Xobeh.
  8460 | D:10     | Entered Level 10 of the Dungeon
  8521 | D:10     | Reached XP level 11. HP: 96/101 MP: 10/10
  8653 | D:10     | Found a staircase to the Orcish Mines.
  9586 | D:11     | Noticed a two-headed ogre
  9593 | D:11     | Killed a two-headed ogre
  9594 | D:11     | Reached skill level 10 in Dodging
  9822 | D:11     | Noticed a deep elf pyromancer
  9843 | D:11     | Killed a deep elf pyromancer
 10883 | D:12     | Noticed a boulder beetle
 10889 | D:12     | Killed a boulder beetle
 11157 | D:12     | Noticed a two-headed ogre
 11165 | D:12     | Killed a two-headed ogre
 11428 | D:12     | Noticed a boulder beetle
 11439 | D:12     | Killed a boulder beetle
 11460 | D:12     | Reached XP level 12. HP: 80/112 MP: 11/11
 11685 | D:13     | Reached ***** piety under Trog
 11690 | D:13     | Slain by a centaur warrior simulacrum

Illustrated notes

Levels and vault maps discovered:
D:1:      shiori_arrival_maze, layout_basic, serial_bayou_pond_c,
          minmay_misc_feat_tower, nicolae_titane
D:2:      layout_basic, kennysheep_generic_room_10, uniq_terence
D:3:      layout_loops_cross, basic_ecumenical_altar, glass_columns_c
D:4:      layout_cave_pools, amcnicky_altar_gilded, makhleb_heckhound_becter,
          minmay_overflow_temple_star_quad, uniq_pikel, uniq_grinder
D:5:      layout_rooms, serial_shops, nicolae_shop_trees, uniq_duvessa,
          uniq_menkaure
D:6:      layout_cave_pools, minmay_shop_damaged
D:7:      nicolae_whirlpool, layout_cave_pools, minmay_temple_entry_mini_moons
D:8:      nicolae_moon_pools, layout_loops_ring, minmay_door_square, uniq_maggie
D:9:      layout_irregular_city, nicolae_yredelemnul_corpse_copse,
          nemelex_altar_shiori, erik_lair_orcish_takeover
D:10:     layout_loops_ring, hiddenorc1_lemuel
D:11:     layout_cave_pods
D:12:     layout_gridville, minmay_statues_item
D:13:     layout_loops_ring, gammafunk_ghost_split, serial_shops,
          nicolae_shop_overgrown_old_shop, serial_ice, serial_ice_e,
          serial_ice_k, serial_ice_c, serial_ice_a, serial_ice_n, serial_ice_m,
          portal_ice_cave_entry_ice_simulacra

Skill      XL: |  1  2  3  4  5  6  7  8  9 10 11 |
---------------+----------------------------------+-----
Fighting       | 4 5 6 8 9 10 12 | 12.4
Axes           | 4 5 6 8 9 10 12 | 12.4
Armour         | 3 4 5 6 7 9 10 12 | 12.1
Dodging        | 3 4 5 6 8 9 11 | 11.2

Action                     |  1- 3 |  4- 6 |  7- 9 | 10-12 || total
---------------------------+-------+-------+-------+-------++-------
  Melee: Hand axe          |    55 |   108 |       |       ||   163
         Headbutt          |    13 |    10 |    40 |    55 ||   118
         Punch             |       |     2 |     3 |     1 ||     6
         War axe           |       |       |   205 |   151 ||   356
         Battleaxe         |       |       |       |   128 ||   128
  Throw: Boomerang         |       |    14 |     4 |    10 ||    28
 Invoke: Berserk           |     1 |     3 |     9 |     5 ||    18
 Armour: Animal skin       |     1 |       |       |       ||     1
         Ring mail         |    16 |       |       |       ||    16
         Chain mail        |     7 |    54 |   107 |    79 ||   247
         Plate armour      |       |       |       |   116 ||   116
  Dodge: Dodged            |    51 |    45 |   114 |   180 ||   390
